 Dungeon Crawl Stone Soup version 0.30-a0-341-g682706514a (webtiles) character file.

Game seed: 10240089096721081008

17497 Lanoc the Fighter (level 12, -6/102 HPs)
             Began as a Formicid Hexslinger on Nov 1, 2022.
             Was a High Priest of Okawaru.
             Killed by divine providence
             ... invoked by an orc priest
              (10 damage)
             ... on level 11 of the Dungeon.
             The game lasted 00:25:40 (13249 turns).

Lanoc the Fighter (Formicid Hexslinger)            Turns: 13249, Time: 00:25:41

Health: -6/102     AC: 24    Str: 15    XL:     12   Next: 83%
Magic:  13/13      EV: 12    Int: 14    God:    Okawaru [*****.]
Gold:   688        SH:  0    Dex: 21    Spells: 12/13 levels left

rFire   . . .      SeeInvis +    b - +12 long sword of the Depths {vorpal, Drain rPois rCorr Dex+3}
rCold   + . .      Faith    .    (no shield)
rNeg    . . .      Spirit   .    j - +4 chain mail
rPois   +          Reflect  .    (helmet unavailable)
rElec   .          Harm     .    R - +0 cloak {rPois}
rCorr   +          Rampage  .    (no gloves)
Will    +....                    p - +1 pair of boots
Stlth   ..........               u - amulet of magic regeneration
HPRegen 0.37/turn                O - +4 ring of protection
MPRegen 0.53/turn                m - ring of protection from cold

@: no status effects
A: permanent stasis, dig shafts and tunnels, antennae 3, four strong arms
a: Dig, Shaft Self, Renounce Religion, Heroism, Finesse, Duel


You were on level 11 of the Dungeon.
You worshipped Okawaru.
Okawaru was extremely pleased with you.
You visited 2 branches of the dungeon, and saw 13 of its levels.
You also visited: Sewer.

You collected 688 gold pieces.

Inventory:

Hand Weapons
 a - a +1 sling
 b - the +12 long sword of the Depths (weapon) {vorpal, Drain rPois rCorr Dex+3}
   (You found it on level 5 of the Dungeon)

   It inflicts extra damage upon your enemies.
   Dex:       It affects your dexterity (+3).
   rPois:     It protects you from poison.
   rCorr:     It protects you from acid and corrosion.
   Drain:     It drains your maximum health when unequipped.
 w - the +7 rapier of the Lost Xenops {distort, rElec}
   (You found it on level 4 of the Dungeon)

   It warps and distorts space around it, and may blink, banish, or inflict
   extra damage upon those it strikes.
   Unwielding it can cause banishment or high damage.
   rElec:     It insulates you from electricity.
 C - the +3 mace of the Warrior {holy, rF+ rN++ Str-2 Stlth+}
   (You found it on level 2 of the Dungeon)

   It has been blessed by the Shining One to cause great damage to the undead
   and demons.
   Str:       It affects your strength (-2).
   rF:        It protects you from fire.
   rN:        It greatly protects you from negative energy.
   Stlth:     It makes you more stealthy.
Armour
 j - a +4 chain mail (worn)
 p - a +1 pair of boots (worn)
 P - the +9 plate armour "Nupp" {Str-5 Int+6}
   (Okawaru gifted it to you on level 10 of the Dungeon)

   Str:       It affects your strength (-5).
   Int:       It affects your intelligence (+6).
 R - a +0 cloak of poison resistance (worn)
Jewellery
 l - a ring of poison resistance
 m - a ring of protection from cold (right hand)
 r - a ring of fire
 s - a ring of wizardry
 u - an amulet of magic regeneration (around neck)
 y - a +6 ring of intelligence
 F - a ring of protection from fire
 K - a ring of wizardry
 L - a ring of resist corrosion
 O - a +4 ring of protection (left hand)
Wands
 x - a wand of polymorph (1)
 G - a wand of roots (2)
 N - a wand of mindburst (11)
 Q - a wand of flame (11)
Scrolls
 c - 4 scrolls of fog {unknown}
 e - 3 scrolls of enchant armour
 f - 4 scrolls of vulnerability {unknown}
 g - 3 scrolls of fear
 h - 3 scrolls of torment
 k - 3 scrolls of poison
 t - 2 scrolls of immolation {unknown}
 v - 2 scrolls of magic mapping
 B - 4 scrolls of teleportation {unknown}
 D - 3 scrolls of noise {unknown}
 M - 2 scrolls of enchant weapon {unknown}
Potions
 d - a potion of invisibility
 i - a potion of attraction
 n - 4 potions of curing
 o - a potion of magic
 q - 4 potions of might {unknown}
 z - 5 potions of mutation
 A - 3 potions of cancellation
 E - 2 potions of flight
 H - 2 potions of brilliance {unknown}
 I - a potion of lignification


   Skills:
 + Level 12.2 Fighting
 - Level 8.9 Ranged Weapons
 + Level 12.1 Armour
 + Level 8.9 Dodging
 - Level 1.1 Spellcasting
 - Level 3.6 Hexes


You had 12 spell levels left.
You knew the following spells:

 Your Spells              Type           Power      Damage    Failure   Level
a - Slow                  Hex            40%        N/A       54%         1

Your spell library contained the following spells:

 Spells                   Type           Power      Damage    Failure   Level
 Freeze                   Ice            0%         1d3       95%         1
 Dazzling Flash           Conj/Hex       10%        N/A       98%         3
 Inner Flame              Hex/Fire       5%         N/A       98%         3
 Portal Projectile        Hex/Tloc       10%        N/A       98%         3
 Momentum Strike          Conj/Tloc      0%         3d8       99%         2
 Cause Fear               Hex            5%         N/A       99%         4
 Frozen Ramparts          Ice            0%         1d1       100%        3
 Hailstorm                Conj/Ice       0%         3d3       100%        3
 Kindle Blastsparks       Fire/Tloc/Air  0%         2d10      100%        3
 Lesser Beckoning         Tloc           0%         N/A       100%        3
 Ozocubu's Armour         Ice            0%         N/A       100%        3
 Fulminant Prism          Conj/Hex       2%         3d5       100%        4
 Iskenderun's Mystic Bla  Conj/Tloc      0%         2d3       100%        4
 Agony                    Necr           0%         N/A       100%        5
 Lee's Rapid Deconstruct  Erth           0%         3d4*      100%        5
 Silence                  Hex/Air        2%         N/A       100%        5
 Ozocubu's Refrigeration  Ice            0%         4d7       100%        7
 Blink                    Tloc           Unusable   N/A       N/A         2

Dungeon Overview and Level Annotations

Branches:
Dungeon (12/15)            Temple (1/1) D:5            Lair (0/5) D:11
    Orc (0/2) D:12          Sewer (visited)

Altars:
Ashenzari
Cheibriados
Dithmenos
Elyvilon
Fedhas
Gozag
Hepliaklqana
Kikubaaqudgha
Makhleb
Nemelex Xobeh
Okawaru
Qazlal
Ru
Sif Muna
Trog
Uskayaw
Vehumet
Wu Jian
Xom
Yredelemnul
Zin
The Shining One

Shops:
D:7 =

Annotations:
D:11 3 runed translucent doors, Avvib's ghost, journeyman NaNe; Ygangeew's ghost, journeyman AtFi
D:12 Azrael


Innate Abilities, Weirdness & Mutations

You cannot be hasted, slowed, berserked, paralysed or teleported.
You can dig through walls and to a lower floor.
You have a pair of large antennae on your head. (SInv)
Your four strong arms can wield two-handed weapons with a shield.


Message History

The centaur is severely wounded.
The orc priest calls down the wrath of Beogh upon you.
Beogh smites you!
* * * LOW HITPOINT WARNING * * *
The orc warrior hits you with a +0 dire flail!
* * * LOW HITPOINT WARNING * * *
The centaur barely misses you. x2; The orc warrior misses you.
The centaur hits you but does no damage.
The centaur kicks you but does no damage.
You feel much better.
The centaur hits you but does no damage.
The centaur kicks you but does no damage.
The orc priest suddenly yells.
The orc warrior hits you with a +0 dire flail!
* * * LOW HITPOINT WARNING * * *
The centaur closely misses you. The centaur misses you.
The centaur hits you but does no damage.
The centaur kicks you but does no damage.
The centaur attacks as you move away! The centaur closely misses you.
The centaur kicks you but does no damage.
The orc warrior attacks as you move away!
The orc warrior barely misses you.
The centaur wields a +0 shortbow.
The centaur shoots an arrow.
The arrow misses you.
The hell hound attacks as you move away!
The hell hound bites you but does no damage.
The hell hound attacks as you move away!
The hell hound barely misses you. The hell hound breathes flames at you.
The blast of flame hits you!
* * * LOW HITPOINT WARNING * * *
The hell hound attacks as you move away!
The hell hound bites you but does no damage.
The centaur attacks as you move away!
The centaur unwields a +0 shortbow.
The centaur barely misses you.
The centaur kicks you but does no damage.
The centaur wields a +0 shortbow.
The centaur shoots an arrow.
The arrow closely misses you.
The orc priest mumbles some strange prayers to Beogh against you.
Beogh smites you!
You die...

........................#.(.#)###
...^....................'...#.<..
.......[................#...#....
............[...........#...#....
................#########...#....
................#......#....'....
########'###'####......#....#...[
.#.........#)...#.co...#.>..#..[)
.#......(..'....@h...o.'....#....
.#.........#...##.c.##.##...#....
.#.........#[..##########...#....
.##.......##........#.......#....
############........#.......#....
..# #...##...'.......#....
.##!♣⌠♣|####...##...#...^...#....
##8.....8##....##########≈###....
#).......?##...#....≈###≈#≈......


You could see an orc warrior, a hell hound (catching breath), 2 centaurs and an
orc priest.

Vanquished Creatures
  Fannar (D:10)
  Erica (D:10)
  3 two-headed ogres (D:11)
  Urug (D:11)
  A deep elf pyromancer (D:12)
  5 cyclopes
  A manticore (D:12)
  Joseph (D:8)
  A gargoyle (D:12)
  3 trolls
  A hornet (D:9)
  A water elemental (D:11)
  A wraith (D:10)
  A wyvern (D:9)
  2 fire elementals
  22 yaks
  Grum (D:9)
  2 steam dragons
  A basilisk (D:12)
  3 wargs (D:11)
  An acid dragon (D:9)
  A hell hound (D:11)
  3 orc warriors
  An ice beast (D:5)
  2 sky beasts (D:7)
  An ogre (D:6)
  8 centaurs
  4 wolves
  2 phantoms (D:6)
  4 kobold brigands
  4 bullfrogs
  A gnoll sergeant (D:12)
  2 scorpions
  4 necrophages
  17 wights
  4 howler monkeys
  2 hounds (D:5)
  8 orc priests
  A gnoll bouda (D:4)
  5 jellies
  7 iguanas
  8 orc wizards
  11 gnolls
  9 adders
  A white imp (D:6)
  5 worms
  2 dart slugs
  30 orcs
  8 ball pythons
  11 endoplasms
  3 giant cockroaches (Sewer)
  6 hobgoblins
  3 jackals (D:3)
  17 kobolds
  A quokka (D:4)
  4 bats
  5 frilled lizards
  7 goblins
  7 rats
  A toadstool (D:1)
274 creatures vanquished.

Vanquished Creatures (others)
  A howler monkey (D:9)
  A kobold (D:10)
  3 plants
  3 toadstools (D:1)
8 creatures vanquished.

Grand Total: 282 creatures vanquished

Notes
Turn   | Place    | Note
-------+----------+-------------------------------------------
     0 | D:1      | Lanoc the Formicid Hexslinger began the quest for the Orb.
     0 | D:1      | Reached XP level 1. HP: 15/15 MP: 2/2
   137 | D:1      | Reached XP level 2. HP: 21/21 MP: 3/3
   664 | D:1      | Found a faded altar of an unknown god.
   752 | D:1      | Reached skill level 1 in Armour
   894 | D:2      | Reached XP level 3. HP: 27/27 MP: 4/4
  1021 | D:2      | Reached XP level 4. HP: 30/33 MP: 5/5
  1081 | D:2      | Identified the +3 mace of the Warrior {holy, rF+ rN++ Str-2
                  | Stlth+}
  1629 | D:3      | Reached XP level 5. HP: 31/39 MP: 6/6
  1826 | D:3      | Found a glowing drain.
  1832 | Sewer    | Entered a sewer
  1994 | Sewer    | Reached XP level 6. HP: 31/47 MP: 7/7
  2175 | Sewer    | Found a shimmering altar of Xom.
  2925 | D:4      | Noticed an orc warrior
  3106 | D:3      | Reached skill level 5 in Ranged Weapons
  3111 | D:3      | Reached XP level 7. HP: 34/53 MP: 8/8
  3307 | D:4      | Identified the +7 rapier of the Lost Xenops {distort,
                  | rElec}
  4150 | D:5      | Entered Level 5 of the Dungeon
  4152 | D:5      | Found a staircase to the Ecumenical Temple.
  4202 | D:5      | Reached XP level 8. HP: 61/61 MP: 9/9
  4204 | Temple   | Entered the Ecumenical Temple
  4311 | Temple   | Became a worshipper of Warmaster Okawaru
  4618 | D:5      | Found a glowing silver altar of Zin.
  4725 | D:5      | Reached skill level 5 in Fighting
  5354 | D:5      | Identified the +12 long sword of the Depths {vorpal, Drain
                  | rPois rCorr Dex+3}
  5452 | D:6      | Reached skill level 5 in Armour
  5489 | D:6      | Reached * piety under Okawaru
  5616 | D:6      | Reached XP level 9. HP: 52/69 MP: 10/10
  5616 | D:6      | Found an ancient bone altar of Kikubaaqudgha.
  6035 | D:6      | Found a sacrificial altar of Ru.
  6207 | D:7      | Found Foitzigg's Jewellery Shoppe.
  6361 | D:7      | Reached ** piety under Okawaru
  6368 | D:7      | HP: 2/69 [wight/+4 flail (7)]
  7107 | D:7      | Reached XP level 10. HP: 61/79 MP: 11/11
  7119 | D:7      | Reached *** piety under Okawaru
  7292 | D:8      | Noticed Joseph
  7313 | D:8      | Killed Joseph
  7605 | D:8      | Found a sparkling altar of Nemelex Xobeh.
  7842 | D:9      | Noticed Grum
  7952 | D:9      | Killed Grum
  8103 | D:9      | Reached **** piety under Okawaru
  8118 | D:9      | Reached skill level 5 in Dodging
  8396 | D:9      | Found a white marble altar of Elyvilon.
  8444 | D:9      | Found a bloodstained altar of Trog.
  8504 | D:9      | Reached XP level 11. HP: 89/89 MP: 12/12
  8811 | D:9      | Reached ***** piety under Okawaru
  9287 | D:10     | Entered Level 10 of the Dungeon
  9348 | D:10     | Noticed Fannar
  9551 | D:10     | Killed Fannar
  9552 | D:10     | Reached skill level 10 in Fighting
  9638 | D:10     | Reached skill level 10 in Armour
  9773 | D:10     | Identified the +9 plate armour "Nupp" {Str-5 Int+6}
                  | (Okawaru gifted it to you on level 10 of the Dungeon)
  9773 | D:10     | Received a gift from Okawaru
  9802 | D:10     | Noticed Erica
  9807 | D:10     | Killed Erica
 10404 | D:11     | Found a staircase to the Lair.
 10666 | D:11     | Reached XP level 12. HP: 66/99 MP: 13/13
 10891 | D:11     | Noticed a two-headed ogre
 10953 | D:11     | Noticed a two-headed ogre
 10970 | D:11     | Killed a two-headed ogre
 11047 | D:11     | Noticed a two-headed ogre
 11054 | D:11     | Killed a two-headed ogre
 11336 | D:11     | Noticed Urug
 11350 | D:11     | Killed Urug
 11543 | D:11     | Killed a two-headed ogre
 11896 | D:11     | Found a runed translucent gate.
 11896 | D:11     | Found a runed translucent gate.
 11897 | D:11     | Found a runed translucent gate.
 11899 | D:11     | Noticed Ygangeew's ghost (journeyman AtFi)
 11899 | D:11     | Noticed Avvib's ghost (journeyman NaNe)
 12113 | D:12     | Noticed Azrael
 12319 | D:12     | Found a staircase to the Orcish Mines.
 13242 | D:11     | HP: 2/102 [orc warrior/+0 dire flail (11)]
 13248 | D:11     | HP: 3/102 [hell hound/blast of flame[Azrael] (8)]
 13249 | D:11     | Killed from afar by an orc priest

Illustrated notes

Levels and vault maps discovered:
D:1:      ldierk_water_garden, layout_loops_ring,
          shapermc_ecumenical_altar_mp_ritualfount, minivault_14
D:2:      layout_loops_cross
D:3:      layout_loops_ring, portal_sewer_entry_e
D:4:      layout_loops_ring
D:5:      layout_loops_cross, mainiacjoe_overflow_paths, temple_pool_b,
          kennysheep_generic_room_15
D:6:      layout_rooms, nicolae_ru_the_path_less_chosen,
          mainiacjoe_overflow_boulevard
D:7:      layout_basic, serial_shops, nicolae_square_shop
D:8:      layout_basic, nemelex_xobeh_ov_fountains_minmay, uniq_joseph
D:9:      layout_irregular_city, jmf_multi_god_temple, hangedman_decor_push,
          uniq_grum
D:10:     layout_basic, nrook_mini_vaults, uniq_fannar, uniq_erica, uniq_psyche
D:11:     layout_gridville, erik_lair_orcish_takeover, gammafunk_ghost_cemetery,
          nicolae_water_bricks, uniq_urug
D:12:     layout_irregular_city, minmay_orc_entry_temple_small, uniq_azrael
Temple:   kb_temple_of_zot

Skill      XL: |  1  2  3  4  5  6  7  8  9 10 11 12 |
---------------+-------------------------------------+-----
Armour         | 1 2 3 4 5 7 9 10 12 | 12.1
Fighting       | 2 3 4 5 7 9 10 12 | 12.2
Ranged Weapons | 3 4 5 6 7 8 |  8.9
Dodging        | 2 5 7 8 |  8.9
Spellcasting   | |  1.1
Hexes          | |  3.6

Action                   |  1- 3 |  4- 6 |  7- 9 | 10-12 || total
-------------------------+-------+-------+-------+-------++-------
Melee: Mace              |       |    33 |    51 |       ||    84
       Punch             |       |     1 |     5 |    11 ||    17
       Long sword        |       |       |   132 |   397 ||   529
 Fire: Sling             |    82 |   227 |   140 |       ||   449
 Abil: Dig               |       |       |       |     1 ||     1
Evoke: Wand              |       |       |       |     3 ||     3
  Use: Scroll            |       |     7 |     5 |     4 ||    16
       Potion            |       |     1 |     2 |     2 ||     5
 Stab: Invisible         |       |       |       |     2 ||     2
Armor: Chain mail        |    18 |   193 |   239 |   333 ||   783
       Robe              |     3 |       |       |       ||     3
Dodge: Dodged            |    14 |    81 |   132 |   331 ||   558

Table legend: (Time is in decaauts)
 A = Elapsed time spent in this place.
 B = Non-inter-level travel time spent in this place.
 C = Inter-level travel time spent in this place.
 D = Time resting spent in this place.
 E = Time spent auto-exploring this place.
 F = Levels seen in this place.
 G = Mean time per level.
                   A        B        C        D        E       F      G
               +--------+--------+--------+--------+--------+-----+--------+
         Total |  13790 |  13305 |    485 |   1255 |   9148 |  14 |  985.0 |
       Dungeon |  13164 |  12695 |    469 |   1255 |   8790 |  12 | 1097.0 |
        Temple |    124 |    108 |     16 |      0 |     92 |   1 |  124.0 |
         Sewer |    501 |    501 |      0 |      0 |    266 |   1 |  501.0 |
               +--------+--------+--------+--------+--------+-----+--------+

Top non-repeatable levels by time:
    D:11: 1669 daAuts
     D:9: 1569 daAuts
     D:3: 1356 daAuts
    D:10: 1276 daAuts
     D:5: 1179 daAuts
    D:12: 980 daAuts
     D:7: 954 daAuts
     D:4: 895 daAuts
     D:8: 887 daAuts
     D:2: 839 daAuts
     D:1: 833 daAuts
     D:6: 722 daAuts
   Sewer: 501 daAuts
  Temple: 124 daAuts
